 Dungeon Crawl Stone Soup version 0.20.0-15-g7f486f2 (webtiles) character file.

156 Hook the Conjurer (level 5, -2/35 HPs)
             Began as a Demonspawn Conjurer on June 15, 2017.
             Was an Initiate of Qazlal.
             Slain by Natasha (7 damage)
             ... on level 3 of the Dungeon.
             The game lasted 00:16:41 (3246 turns).

Hook the Conjurer (Demonspawn Conjurer)             Turns: 3246, Time: 00:16:42

Health: -2/35      AC:  6    Str:  8    XL:     5   Next: 14%
Magic:  0/9        EV: 12    Int: 18    God:    Qazlal [......]
Gold:   115        SH:  0    Dex: 13    Spells: 4/10 levels left

rFire    + . .     SeeInvis .   (no weapon)
rCold    . . .     Gourm    .   (no shield)
rNeg     . . .     Faith    .   a - +0 robe
rPois    .         Spirit   .   (helmet restricted)
rElec    .         Reflect  .   (no cloak)
rCorr    .         Harm     .   (no gloves)
MR       .....                  k - +1 pair of boots
Stlth    ++........             (no amulet)
Regen    0.2/turn               (no ring)
MPRegen  0.2/turn               (no ring)

@: very slightly contaminated
A: antennae 1, thin metallic scales 1, fire resistance 1
a: Renounce Religion


You were on level 3 of the Dungeon.
You worshipped Qazlal.
Qazlal was noncommittal.
You were not hungry.

You visited 1 branch of the dungeon, and saw 3 of its levels.

You collected 115 gold pieces.

Inventory:

Armour
 a - a +0 robe (worn)
 k - a +1 pair of boots (worn)
Scrolls
 n - a scroll of remove curse {unknown}
Potions
 e - a potion of flight {unknown}
 g - a potion of heal wounds {unknown}
 h - a potion of lignification {unknown}
 i - 2 potions of curing {unknown}
 j - 2 potions of haste
Books
 b - a book of Conjurations

   Spells                             Type                      Level
   a - Magic Dart                     Conjuration                  1
   b - Searing Ray                    Conjuration                  2
   c - Dazzling Spray                 Conjuration/Hexes            3
   d - Fulminant Prism                Conjuration/Hexes            4
   e - Force Lance                    Conjuration/Translocation    4
   f - Iskenderun's Mystic Blast      Conjuration                  4
Comestibles
 c - 2 bread rations
 d - 3 fruits
 f - 2 royal jellies
 m - a chunk of flesh


   Skills:
 * Level 2.3 Dodging
 - Level 2.1 Stealth
 * Level 3.0 Spellcasting
 * Level 5.5 Conjurations


You had 4 spell levels left.
You knew the following spells:

 Your Spells              Type           Power        Failure   Level  Hunger
a - Magic Dart            Conj           ###.         1%          1    None
b - Searing Ray           Conj           ###...       2%          2    ##.....
c - Dazzling Spray        Conj/Hex       ##....       16%         3    ###....


Dungeon Overview and Level Annotations

Branches:
Dungeon (3/15)

Altars:
Gozag
Nemelex Xobeh
Okawaru
Qazlal
Ru
Trog
Uskayaw
Vehumet

Annotations:
D:3 Natasha; blackwizard's ghost, amateur TrSk


Innate Abilities, Weirdness & Mutations

You have a pair of small antennae on your head.
You are partially covered in thin metallic scales. (AC +2)
Your flesh is heat resistant. (rF+)


Message History

Blackwizard's ghost is heavily damaged. (Press . to maintain the ray.) Blackwizard's ghost hits you but does no damage.
Natasha barely misses you.
The searing ray hits blackwizard's ghost.
Blackwizard's ghost is severely damaged.
Blackwizard's ghost hits you but does no damage.
Natasha claws you.
Without enough magic to sustain it, your searing ray dissipates.
Blackwizard's ghost closely misses you. Natasha claws you.
* * * LOW HITPOINT WARNING * * *
You closely miss Natasha. Blackwizard's ghost hits you.
* * * LOW HITPOINT WARNING * * *
Natasha barely misses you.
As you read the scroll labeled XOESHI UMYVIATH, it crumbles to dust.
The creatures around you are filled with an inner flame!
It was a scroll of immolation.
Blackwizard's ghost hits you.
* * * LOW HITPOINT WARNING * * *
Natasha claws you!
You die...

#..#########.#.#...#...)....##.
#..# ##.##.#....#.###..... #..#
##...##..#.##.# #.###. #..#
#.#.#.##.#.##.# #.# #..#####
#.#......#.##.###.# #......#
#.###.##.#.##...#.###. ###.##.#
##...###...[.......... #.##.#
########..#####)#..... #.##.#
#...W@hg÷....##.#####. #.##.#
#.#####...._....# #.##.# #.#
#.._..._..# #.##.###.#
##.........# #.....##.#
#.._..⌠.._.# ####..##.#
#..........#
#..##.####.#._..._.##
#..................#
#.###.########....##


You could see Natasha (inner flame), blackwizard's ghost (inner flame) and a
goblin (inner flame).

Vanquished Creatures
  Jessica (D:2)
  5 adders
  3 worms
  3 dart slugs
  4 leopard geckos
  An orc (D:3)
  5 giant cockroaches
  5 goblins
  7 hobgoblins
  6 jackals (D:3)
  10 kobolds
  2 ball pythons
  9 bats
  4 rats
65 creatures vanquished.

Notes
Turn   | Place    | Note
-------+----------+-------------------------------------------
     0 | D:1      | Hook the Demonspawn Conjurer began the quest for the Orb.
     0 | D:1      | Reached XP level 1. HP: 13/13 MP: 3/3
   315 | D:1      | Gained mutation: You have a pair of small antennae on your head. [demonic ancestry]
   315 | D:1      | Reached XP level 2. HP: 19/19 MP: 1/5
   367 | D:1      | Learned a level 2 spell: Searing Ray
  1041 | D:2      | Reached XP level 3. HP: 24/24 MP: 1/6
  1365 | D:2      | Found a sparkling altar of Nemelex Xobeh.
  1717 | D:2      | Reached skill level 5 in Conjurations
  1817 | D:2      | Found a sparkling altar of Nemelex Xobeh.
  1817 | D:2      | Noticed Jessica
  1819 | D:2      | Killed Jessica
  1819 | D:2      | Gained mutation: You are partially covered in thin metallic scales. (AC +2) [demonic ancestry]
  1819 | D:2      | Reached XP level 4. HP: 30/30 MP: 4/7
  2645 | D:3      | Found an opulent altar of Gozag.
  2645 | D:3      | Found a bloodstained altar of Trog.
  2645 | D:3      | Found a stormy altar of Qazlal.
  2645 | D:3      | Found a radiant altar of Vehumet.
  2645 | D:3      | Found a sacrificial altar of Ru.
  2645 | D:3      | Found a hide-covered altar of Uskayaw.
  2645 | D:3      | Found an iron altar of Okawaru.
  2797 | D:3      | Became a worshipper of Qazlal Stormbringer
  2916 | D:3      | Gained mutation: Your flesh is heat resistant. (rF+) [demonic ancestry]
  2916 | D:3      | Reached XP level 5. HP: 34/35 MP: 4/9
  3048 | D:3      | Learned a level 3 spell: Dazzling Spray
  3204 | D:3      | Noticed blackwizard's ghost (amateur TrSk)
  3240 | D:3      | Noticed Natasha
  3246 | D:3      | Slain by Natasha

Skill      XL: |  1  2  3  4  5 |
---------------+----------------+-----
Dodging        | 2 |  2.3
Conjurations   | 5 |  5.5
Stealth        | 2 |  2.1
Spellcasting   | 3 |  3.0

Action                   |  1- 3 |  4- 6 || total
-------------------------+-------+-------++-------
Melee: Unarmed           |    21 |    16 ||    37
 Cast: Magic Dart        |    74 |    59 ||   133
       Searing Ray       |     4 |     7 ||    11
  Use: Scroll            |     1 |     3 ||     4
  Eat: Chunk             |     4 |     5 ||     9
Armor: Robe              |     7 |    13 ||    20
Dodge: Dodged            |    29 |    26 ||    55
